 Dungeon Crawl Stone Soup version 0.27.0-1-g7a089689b8 (webtiles) character file.

Game seed: 6645818430424422742

12362 shadowrider38 the Geomancer (level 11, -4/64 HPs)
             Began as a Gargoyle Earth Elementalist on Aug 12, 2021.
             Was a Priest of Vehumet.
             Slain by a boulder beetle (17 damage)
             ... on level 2 of the Lair of Beasts.
             The game lasted 00:54:00 (14817 turns).

shadowrider38 the Geomancer (GrEE)                 Turns: 14817, Time: 00:54:02

Health: -4/64      AC: 11    Str: 12    XL:     11   Next: 92%
Magic:  4/22       EV: 13    Int: 25    God:    Vehumet [***...]
Gold:   602        SH:  5    Dex: 10    Spells: 18/25 levels left

rFire    x . .     SeeInvis .   a - +0 dire flail
rCold    + . .     Faith    .   (shield currently unavailable)
rNeg     + . .     Spirit   .   b - +1 robe
rPois    ∞         Reflect  +   (no helmet)
rElec    +         Harm     .   (no cloak)
rCorr    .         Rampage  .   (no gloves)
Will     .....                  (no boots)
Stlth    ++........             k - amulet of reflection
HPRegen  0.20/turn              G - +6 ring of intelligence
MPRegen  0.18/turn              K - ring of ice

@: no status effects
A: sickness immunity, AC +8, negative energy resistance 1, electricity
resistance, torment resistance 1, petrification resistance
a: Renounce Religion


You were on level 2 of the Lair of Beasts.
You worshipped Vehumet.
Vehumet was most pleased with you.
You visited 2 branches of the dungeon, and saw 11 of its levels.

You collected 602 gold pieces.

Inventory:

Hand Weapons
 a - a +0 dire flail (weapon)
 x - a +1 vorpal hunting sling
 A - a +0 flail
 J - a +0 whip of electrocution
 L - a +4 dagger of electrocution
Missiles
 c - 61 stones
 j - 2 throwing nets
 B - 13 boomerangs
 D - 12 poisoned darts
 E - 5 silver boomerangs
Armour
 b - a +1 robe (worn)
Jewellery
 k - an amulet of reflection (around neck)
 G - a +6 ring of intelligence (left hand)
 K - a ring of ice (right hand)
 P - a ring of fire
Wands
 e - a wand of charming (16)
 n - a wand of digging (5)
 C - a wand of flame (48)
 H - a wand of acid (8)
 I - a wand of polymorph (8)
Scrolls
 g - a scroll of fog
 l - 3 scrolls of amnesia {unknown}
 p - 3 scrolls of teleportation {unknown}
 q - 4 scrolls of immolation
 t - a scroll of noise
 y - 2 scrolls of enchant armour
 F - 2 scrolls of enchant weapon {unknown}
 N - 2 scrolls of vulnerability {unknown}
 Q - a scroll of blinking {unknown}
Potions
 d - 2 potions of ambrosia
 f - 5 potions of brilliance
 h - 4 potions of curing
 i - 4 potions of attraction
 m - a potion of cancellation {unknown}
 r - a potion of lignification {unknown}
 s - 2 potions of haste
 u - a potion of might {unknown}
 v - 2 potions of degeneration
 w - 2 potions of heal wounds
 z - a potion of resistance {unknown}
 M - 2 potions of mutation {unknown}
 O - a potion of invisibility {unknown}


   Skills:
 + Level 5.7 Fighting
 + Level 5.4 Maces & Flails
 - Level 6.0 Armour
 + Level 4.8 Dodging
 - Level 2.1 Stealth
 + Level 7.8 Spellcasting
 + Level 7.0 Conjurations
 - Level 0.7 Transmutations
 + Level 4.2 Fire Magic
 + Level 10.5 Earth Magic
 + Level 4.9 Evocations


You had 18 spell levels left.
You knew the following spells:

 Your Spells              Type           Power      Damage    Failure   Level
a - Sandblast             Erth           100%       2d20      1%          1
b - Stone Arrow           Conj/Erth      100%       3d13      1%          3
c - Conjure Flame         Conj/Fire      38%        6-21      1%          3

Your spell library contained the following spells:

 Spells                   Type           Power      Damage    Failure   Level
 Ignite Poison            Fire/Tmut/Pois 18%        N/A       2%          3
 Foxfire                  Conj/Fire      100%       2x1d9     1%          1
 Passwall                 Tmut/Erth      30%        N/A       1%          2
 Poisonous Vapours        Pois/Air       18%        N/A       2%          2
 Inner Flame              Hex/Fire       20%        N/A       2%          3
 Beastly Appendage        Tmut           26%        N/A       4%          1
 Animate Skeleton         Necr           18%        N/A       6%          1
 Apportation              Tloc           18%        N/A       6%          1
 Corona                   Hex            10%        N/A       6%          1
 Summon Small Mammal      Summ           36%        N/A       6%          1
 Petrify                  Tmut/Erth      37%        N/A       6%          4
 Wereblood                Tmut           13%        N/A       7%          2
 Corpse Rot               Necr/Air       N/A        N/A       10%         2
 Lightning Bolt           Conj/Air       13%        1d27      11%         5
 Spider Form              Tmut/Pois      5%         N/A       16%         3
 Airstrike                Air            4%         N/A       16%         4
 Freezing Cloud           Conj/Ice/Air   16%        6-21      17%         5
 Ozocubu's Armour         Ice            14%        N/A       19%         3
 Summon Lightning Spire   Summ/Air       9%         N/A       52%         4
 Ozocubu's Refrigeration  Ice            7%         4d6       100%        7


Dungeon Overview and Level Annotations

Branches:
Dungeon (9/15)             Temple (0/1) D:6            Lair (2/6) D:9
  Swamp: Lair:2-4    Shoals: Lair:2-4     Snake: Lair:2-4    Spider: Lair:2-4
    Orc: D:9-12

Altars:
Ashenzari
Dithmenos
Makhleb
Uskayaw
Vehumet
Yredelemnul
Zin
The Shining One

Shops:
D:7 (   D:8 *   D:9 ?

Annotations:
D:4 Menkaure


Innate Abilities, Weirdness & Mutations

You are immune to sickness and miasma.
Your stone body is resilient. (AC +8)
You are immune to poison.
You resist negative energy. (rN+)
You are resistant to electric shocks. (rElec)
You are resistant to unholy torment.
You are immune to petrification.


Message History

The boulder beetle is moderately wounded.
The boulder beetle bites you!!
Aiming: Stone Arrow (safe; 1% risk of failure)
Press: ? - help, Q - select action, (/) - cycle Shift-Dir - straight line, f/p - boulder beetle
Aim: a boulder beetle (moderately wounded, 100% to hit)
The stone arrow hits the boulder beetle.
The boulder beetle is moderately wounded.
The boulder beetle closely misses you.
Aiming: Stone Arrow (safe; 1% risk of failure)
Press: ? - help, Q - select action, (/) - cycle Shift-Dir - straight line, f/p - boulder beetle
Aim: a boulder beetle (moderately wounded, 100% to hit)
The stone arrow hits the boulder beetle!
The boulder beetle is moderately wounded.
The boulder beetle bites you!
As you read the scroll of fear, it crumbles to dust.
You assume a fearsome visage.
The plant is unaffected.
The boulder beetle looks frightened!
The boulder beetle leaps!
The boulder beetle leaps!
The boulder beetle curls into a ball and begins rolling!
Aiming: Stone Arrow (safe; 1% risk of failure)
Press: ? - help, Q - select action, (/) - cycle Shift-Dir - straight line, f/p - boulder beetle
Aim: a boulder beetle (moderately wounded, rolling, 100% to hit)
The stone arrow hits the boulder beetle!
The boulder beetle is moderately wounded.
Aiming: Stone Arrow (safe; 1% risk of failure)
Press: ? - help, Q - select action, (/) - cycle Shift-Dir - straight line, f/p - boulder beetle
Aim: a boulder beetle (moderately wounded, rolling, 100% to hit)
The stone arrow hits the boulder beetle!
The boulder beetle is heavily wounded.
The boulder beetle hits you!
* * * LOW HITPOINT WARNING * * *
The boulder beetle stops rolling and uncurls.
Okay, then.
Aiming: Stone Arrow (safe; 1% risk of failure)
Press: ? - help, Q - select action, (/) - cycle Shift-Dir - straight line, f/p - boulder beetle
Aim: a boulder beetle (heavily wounded, 100% to hit)
The stone arrow hits the boulder beetle but does no damage.
The boulder beetle is heavily wounded.
The boulder beetle bites you!
You die...

.#P #....................#
.....#...................#
.........................#
#P...............#.......#
##...#..##P......#.......#
..........P..............#
.........................#
..........P..............#
................@..<....P#
..........P......B..#...####
#.#.....................#..#
..#......................#
.........................#
.........................#
.(......................[#
................#.......##
#...........>..###.....##


You could see a boulder beetle.

Vanquished Creatures
  3 hydras
  A two-headed ogre (D:9)
  2 cane toads (Lair:1)
  A rime drake (Lair:1)
  4 komodo dragons
  A polar bear (Lair:1)
  2 hornets
  8 blink frogs
  A wyvern (D:9)
  6 yaks (Lair:1)
  A basilisk (Lair:1)
  6 water moccasins
  An ice beast (D:6)
  5 orc warriors
  2 sky beasts (D:6)
  A necrophage (D:6)
  3 black bears
  2 ogres
  3 wolves (Lair:1)
  A phantom (D:6)
  5 centaurs
  6 bullfrogs
  2 scorpions (D:4)
  2 gnoll sergeants
  3 killer bees (D:9)
  4 wights (D:9)
  A bullfrog zombie (D:5)
  A centaur zombie (D:6)
  2 hounds
  A bullfrog skeleton (D:7)
  7 orc priests
  2 centaur skeletons
  A gnoll shaman (D:8)
  3 iguanas
  7 orc wizards
  A hound zombie (D:5)
  2 howler monkey zombies
  13 gnolls
  5 adders
  A white imp (D:5)
  An ufetubus (D:4)
  25 orcs
  8 ball pythons
  4 endoplasms
  4 giant cockroaches
  12 goblins
  7 hobgoblins
  4 jackals (D:1)
  7 kobolds
  2 bats
  2 frilled lizards
  2 rats
201 creatures vanquished.

Vanquished Creatures (others)
  A fungus (Lair:1)
  2 plants (Lair:1)
3 creatures vanquished.

Grand Total: 204 creatures vanquished

Notes
Turn   | Place    | Note
-------+----------+-------------------------------------------
     0 | D:1      | shadowrider38 the Gargoyle Earth Elementalist began the
                  | quest for the Orb.
     0 | D:1      | Reached XP level 1. HP: 10/10 MP: 3/3
   200 | D:1      | Found a faded altar of an unknown god.
   625 | D:1      | Reached XP level 2. HP: 11/15 MP: 5/5
   628 | D:1      | Reached skill level 4 in Earth Magic
  1091 | D:2      | Reached XP level 3. HP: 19/19 MP: 4/7
  1158 | D:2      | Found a radiant altar of Vehumet.
  1167 | D:2      | Became a worshipper of Vehumet
  1707 | D:2      | Reached XP level 4. HP: 24/24 MP: 5/8
  2158 | D:2      | Reached skill level 5 in Earth Magic
  3150 | D:4      | Noticed a scorpion
  3164 | D:4      | Killed a scorpion
  3165 | D:4      | Reached XP level 5. HP: 10/28 MP: 5/10
  3494 | D:4      | Noticed Menkaure
  3589 | D:4      | Reached skill level 6 in Earth Magic
  3593 | D:4      | Learned a level 3 spell: Stone Arrow
  4031 | D:4      | Reached * piety under Vehumet
  4031 | D:4      | Offered knowledge of Freeze by Vehumet.
  4085 | D:4      | Reached XP level 6. HP: 32/32 MP: 8/12
  4450 | D:5      | Entered Level 5 of the Dungeon
  4707 | D:5      | Noticed a black bear
  4713 | D:5      | Killed a black bear
  4789 | D:5      | Reached skill level 1 in Conjurations
  4789 | D:5      | Reached skill level 7 in Earth Magic
  4789 | D:5      | Reached XP level 7. HP: 25/36 MP: 12/14
  4908 | D:5      | Reached skill level 5 in Spellcasting
  6045 | D:6      | Reached XP level 8. HP: 26/41 MP: 10/16
  6243 | D:6      | Reached skill level 8 in Earth Magic
  6778 | D:6      | Reached skill level 1 in Fighting
  6778 | D:6      | Reached skill level 1 in Maces & Flails
  6778 | D:6      | Reached skill level 1 in Armour
  6872 | D:6      | Reached skill level 1 in Evocations
  6951 | D:6      | Learned a level 3 spell: Conjure Flame
  7038 | D:6      | Found a broken altar of Ashenzari.
  7306 | D:6      | Found a glowing golden altar of the Shining One.
  7307 | D:6      | Found a basalt altar of Yredelemnul.
  7338 | D:6      | Found a hide-covered altar of Uskayaw.
  7340 | D:6      | Found a staircase to the Ecumenical Temple.
  7341 | D:6      | Found a glowing silver altar of Zin.
  7341 | D:6      | Found a burning altar of Makhleb.
  7342 | D:6      | Found a shadowy altar of Dithmenos.
  7951 | D:7      | Noticed a hornet
  7953 | D:7      | Reached XP level 9. HP: 30/48 MP: 15/18
  7967 | D:7      | Killed a hornet
  8069 | D:7      | Found Puargheum's Antique Weapon Shop.
  8407 | D:7      | Offered knowledge of Static Discharge by Vehumet.
  8411 | D:7      | Reached ** piety under Vehumet
  8888 | D:7      | Reached skill level 9 in Earth Magic
  9768 | D:8      | Reached skill level 5 in Conjurations
  9800 | D:8      | Noticed a hornet
  9806 | D:8      | Killed a hornet
 10402 | D:8      | Reached skill level 1 in Fire Magic
 10402 | D:8      | Reached XP level 10. HP: 50/56 MP: 13/20
 10448 | D:8      | Found Jiwnadah's General Store.
 11282 | D:9      | Found Ibyr's Magic Scroll Boutique.
 11294 | D:9      | Noticed a two-headed ogre
 11302 | D:9      | Killed a two-headed ogre
 11383 | D:9      | Offered knowledge of Dazzling Flash by Vehumet.
 11917 | D:9      | Found a staircase to the Lair.
 12168 | Lair:1   | Entered Level 1 of the Lair of Beasts
 12534 | D:9      | Reached *** piety under Vehumet
 12824 | Lair:1   | Reached XP level 11. HP: 62/62 MP: 14/21
 12945 | Lair:1   | Noticed a six-headed hydra
 12962 | Lair:1   | Killed a six-headed hydra
 12963 | Lair:1   | Reached skill level 5 in Armour
 12963 | Lair:1   | Reached skill level 10 in Earth Magic
 13084 | Lair:1   | Reached skill level 5 in Fighting
 13573 | Lair:1   | Offered knowledge of Ignite Poison by Vehumet.
 13613 | Lair:1   | Reached skill level 5 in Maces & Flails
 13872 | Lair:1   | Noticed a five-headed hydra
 13924 | Lair:1   | Killed a five-headed hydra
 14545 | Lair:2   | Noticed a five-headed hydra
 14558 | Lair:2   | Killed a five-headed hydra
 14797 | Lair:2   | Noticed a boulder beetle
 14817 | Lair:2   | Slain by a boulder beetle

Illustrated notes

Levels and vault maps discovered:
D:1:      dpeg_arrival_chambers_temple_mockup, layout_rooms,
          shapermc_ecumenical_altar_mp_urbaneastern
D:2:      layout_loops_corners, basic_altar
D:3:      layout_loops_ring
D:4:      layout_cave_pools, uniq_menkaure
D:5:      layout_basic
D:6:      kennysheep_spiral_hall, layout_gridville, grunt_temple_overflow_open,
          kennysheep_mini, minmay_temple_entry_trees
D:7:      layout_loops_corners, enter_bailey_5, serial_shops, shop
D:8:      layout_loops_corners, serial_shops, kennysheep_mini_moat,
          minmay_misc_feat_cross
D:9:      layout_basic, lair_entry_dummy, serial_shops,
          nicolae_shop_temple_entry_statues_fountains, serial_corexii_hall,
          chequers_hall_statues_corner_a, chequers_hall_statues_corner_a,
          corexii_hall_statues_l, chequers_hall_statues_corner_a,
          corexii_hall_statues_s, corexii_hall_statues_x
Lair:1:   layout_chaotic_city, beast_lair_carwin_7, infiniplex_staircase_pool_2,
          grunt_megastairs_5
Lair:2:   layout_gridlike, spider_nest_entry_web_field

Skill      XL: |  1  2  3  4  5  6  7  8  9 10 11 |
---------------+----------------------------------+-----
Earth Magic    | 4 5 6 7 8 9 10 | 10.5
Spellcasting   | 3 4 5 6 7 |  7.8
Conjurations   | 1 3 4 5 6 7 |  7.0
Fighting       | 1 3 4 5 |  5.7
Maces & Flails | 1 3 4 5 |  5.4
Armour         | 1 3 4 6 |  6.0
Dodging        | 2 3 4 |  4.8
Evocations     | 1 3 4 |  4.9
Fire Magic     | 1 2 4 |  4.2
Stealth        | |  2.1
Transmutations | |  0.7

Action                   |  1- 3 |  4- 6 |  7- 9 | 10-12 || total
-------------------------+-------+-------+-------+-------++-------
Melee: Trident           |    75 |    12 |       |       ||    87
       Flail             |       |    59 |    34 |       ||    93
       Dagger            |       |       |    49 |     3 ||    52
       Dire flail        |       |       |       |    11 ||    11
Throw: Throwing net      |       |     2 |       |       ||     2
 Cast: Sandblast         |    17 |    29 |   130 |    31 ||   207
       Stone Arrow       |       |       |    25 |   121 ||   146
       Conjure Flame     |       |       |     2 |     5 ||     7
  Use: Scroll            |       |       |     8 |     4 ||    12
 Stab: Sleeping          |     1 |       |     1 |       ||     2
Armor: Robe              |    21 |    33 |    38 |    27 ||   119
Dodge: Dodged            |    49 |    51 |    54 |    38 ||   192
Block: Other             |       |    28 |    26 |    16 ||    70
       Reflection        |       |       |     1 |       ||     1
